 Dungeon Crawl Stone Soup version 0.27-a0-1565-gad902ab807 (webtiles) character file.

Game seed: 10093621062613958588

1245 bilbop the Sneak (level 8, -4/48 HPs)
             Began as a Kobold Summoner on July 16, 2021.
             Killed by divine providence
             ... invoked by an orc priest
              (12 damage)
             ... on level 6 of the Dungeon.
             The game lasted 00:35:26 (6698 turns).

bilbop the Sneak (Kobold Summoner)                  Turns: 6698, Time: 00:35:27

Health: -4/48      AC:  6    Str:  7    XL:     8   Next: 79%
Magic:  12/14      EV: 16    Int: 16    God:
Gold:   269        SH:  0    Dex: 16    Spells: 10/16 levels left

rFire    . . .     SeeInvis .   a - +4 dagger
rCold    . . .     Faith    .   (shield restricted)
rNeg     . . .     Spirit   .   r - +0 leather armour
rPois    .         Reflect  .   e - +2 hat
rElec    .         Harm     .   (no cloak)
rCorr    .         Rampage  .   w - +0 pair of gloves
Will     .....                  (no boots)
Stlth    ++++......             (no amulet)
HPRegen  0.16/turn              (no ring)
MPRegen  0.14/turn              (no ring)

@: no status effects
A: small, no large weapons, nightstalker 3
a: no special abilities


You were on level 6 of the Dungeon.
You visited 1 branch of the dungeon, and saw 6 of its levels.

You collected 269 gold pieces.

Inventory:

Hand Weapons
 a - a +4 dagger (weapon)
 f - a +0 short sword
 n - a +1 dagger of speed
 B - a +2 dagger of speed
Missiles
 g - 88 bolts
Armour
 c - a +0 robe
 e - a +2 hat (worn)
 r - a +0 leather armour (worn)
 w - a +0 pair of gloves (worn)
Jewellery
 v - a ring of poison resistance
Wands
 y - a wand of charming (11)
Scrolls
 d - a scroll of magic mapping {unknown}
 h - a scroll of vulnerability {unknown}
 i - 2 scrolls of brand weapon
 k - 2 scrolls of enchant weapon {unknown}
 m - 3 scrolls of identify
 p - a scroll of enchant armour {unknown}
 q - a scroll of holy word {unknown}
 s - a scroll of acquirement {unknown}
 u - a scroll of teleportation {unknown}
 x - a scroll of silence {unknown}
 A - a scroll of blinking {unknown}
Potions
 b - 5 potions of mutation {unknown}
 j - a potion of heal wounds {unknown}
 l - 5 potions of curing {unknown}
 o - 2 potions of cancellation {unknown}
 t - a potion of lignification {unknown}
 z - a potion of degeneration {unknown}


   Skills:
 + Level 4.2 Fighting
 + Level 4.9 Short Blades
 + Level 5.4 Dodging
 + Level 6.3 Stealth
 + Level 4.5 Spellcasting
 + Level 5.7 Summonings


You had 10 spell levels left.
You knew the following spells:

 Your Spells              Type           Power      Damage    Failure   Level
a - Summon Small Mammal   Summ           88%        N/A       2%          1
b - Call Imp              Summ           22%        N/A       3%          2
c - Call Canine Familiar  Summ           22%        N/A       7%          3

Your spell library contained the following spells:

 Spells                   Type           Power      Damage    Failure   Level
 Summon Guardian Golem    Hex/Summ       12%        N/A       22%         3
 Freeze                   Ice            12%        1d4       24%         1
 Sublimation of Blood     Necr           1%         N/A       36%         2
 Frozen Ramparts          Ice            6%         1d2       58%         3
 Summon Lightning Spire   Summ/Air       12%        N/A       58%         4
 Hailstorm                Conj/Ice       3%         3d3       94%         4
 Petrify                  Tmut/Erth      3%         N/A       94%         4
 Irradiate                Conj/Tmut      1%         3d14      100%        5


Dungeon Overview and Level Annotations

Branches:
Dungeon (6/15)
 Temple: D:4-7

Altars:
Kikubaaqudgha
Nemelex Xobeh
Ru
Sif Muna
Trog
Uskayaw
Vehumet
The Shining One

Shops:
D:4 ?*

Annotations:
D:6 1 runed translucent door


Innate Abilities, Weirdness & Mutations

You are small and have problems with some larger weapons.
You are completely attuned to the shadows.


Message History

You kill the orc!
Things that are here:
a +0 short sword; a +0 chain mail; an orc corpse
Things that are here:
a +0 short sword; a +0 ring mail
l - 5 ruby potions (gained 1)
You now have 261 gold pieces (gained 9).
You now have 269 gold pieces (gained 8).
Found 9 gold pieces.
An orc wizard comes into view. It is wielding a +0 dagger.
Found a leather armour.
An orc priest comes into view. It is wielding a +0 falchion.
The orc priest shouts!
The orc wizard shouts!
You hear a shout!
An orc priest comes into view. It is wielding a +0 dagger.
Casting: Call Canine Familiar (dangerous; 7% risk of failure)
Confirm with . or Enter, or press ? or * to list all spells.
An orc priest comes into view. It is wielding a +0 dagger.
The orc wizard casts a spell at you. The magic dart hits you!
The orc priest looks encouraged for a moment.
Your hound closely misses the orc wizard.
The orc priest invokes the aid of Beogh against you.
Beogh smites you!
Your hound misses the orc wizard.
The orc priest invokes the aid of Beogh against you.
Beogh smites you!
Your hound bites the orc priest but does no damage.
The orc wizard gestures at you while chanting.
The magic dart hits you!
* * * LOW HITPOINT WARNING * * *
The orc priest misses your hound.
As you read the scroll labelled ABLUM XA RAKK, it crumbles to dust.
It is a scroll of identify.
i - 2 scrolls of brand weapon The orc wizard hits your hound with a +0 dagger.
Your hound bites the orc wizard.
The orc wizard misses your hound.
Your hound barely misses the orc wizard.
The orc priest mumbles some strange prayers to Beogh against you.
Beogh smites you!
You die...

#......#.# ##..#.# #...#
#...#..#.# ##.#.#### ###.#
#..###.#.## #......# #.###
#..# #....# ##.....# #....
#..# #.#..### #.....#
##### #......# #.....### #
###....# #.......#
#.##.####.....#.########
....#..h.@..............##
... #.o#.o(.......##......
..##.#oo.....##..#......
..[......#.#####....##.#
.##..$.#...<....##...#.#
##.o...............#..
#..####.#####.#...#.. #..#
#.# #.....'.. #..# ##.#
##...##.[


You could see 3 orc priests, an orc wizard (ally target) and a friendly hound
(summoned).

Vanquished Creatures
  An orc warrior (D:6)
  2 sky beasts
  A bullfrog (D:6)
  A water moccasin zombie (D:5)
  A bullfrog zombie (D:4)
  A centaur zombie (D:5)
  A bullfrog skeleton (D:4)
  A quasit (D:6)
  An orc priest (D:6)
  An iguana (D:6)
  A human skeleton (D:6)
  3 orc wizards (D:3)
  A gnoll (D:4)
  4 adders
  An adder skeleton (D:4)
  A worm (D:5)
  2 dart slugs
  5 orcs
  5 endoplasms
  9 goblins
  5 hobgoblins
  3 jackals
  3 quokkas
  5 ball pythons
  5 bats
  3 frilled lizards
  A goblin skeleton (D:6)
  4 hobgoblin zombies (D:6)
  3 kobolds
  A kobold skeleton (D:6)
  An orc zombie (D:6)
  3 rats
80 creatures vanquished.

Vanquished Creatures (collateral kills)
  A black bear (D:5)
  A sky beast (D:5)
  An ogre (D:5)
  A phantom (D:3)
  A centaur (D:5)
  A water moccasin zombie (D:5)
  A howler monkey (D:6)
  A hound (D:6)
  A bullfrog zombie (D:5)
  A centaur skeleton (D:5)
  A gnoll shaman (D:4)
  An orc wizard (D:4)
  A hound skeleton (D:4)
  4 adders
  5 gnolls (D:4)
  3 orcs (D:4)
  A ball python (D:3)
  2 endoplasms
  A giant cockroach (D:4)
  3 goblins
  A hobgoblin (D:3)
  9 jackals
  A quokka (D:3)
  2 bats
  A hobgoblin zombie (D:6)
  A kobold (D:1)
  A kobold skeleton (D:6)
  2 kobold zombies (D:6)
  An orc zombie (D:6)
  A quokka skeleton (D:4)
  2 rats (D:1)
54 creatures vanquished.

Grand Total: 134 creatures vanquished

Notes
Turn   | Place    | Note
-------+----------+-------------------------------------------
     0 | D:1      | bilbop the Kobold Summoner began the quest for the Orb.
     0 | D:1      | Reached XP level 1. HP: 10/10 MP: 3/3
   418 | D:1      | Reached XP level 2. HP: 16/16 MP: 5/5
   615 | D:1      | Reached skill level 3 in Stealth
   790 | D:1      | Found a faded altar of an unknown god.
   805 | D:1      | Reached skill level 1 in Short Blades
   926 | D:1      | Reached skill level 1 in Fighting
   926 | D:1      | Reached XP level 3. HP: 20/20 MP: 6/6
   956 | D:1      | Learned a level 2 spell: Call Imp
  1214 | D:2      | Reached XP level 4. HP: 25/25 MP: 3/7
  2150 | D:3      | Found a radiant altar of Vehumet.
  2170 | D:3      | Found an ancient bone altar of Kikubaaqudgha.
  2174 | D:3      | Reached XP level 5. HP: 30/30 MP: 9/9
  2182 | D:3      | Found a shimmering blue altar of Sif Muna.
  2245 | D:3      | Found a hide-covered altar of Uskayaw.
  2371 | D:3      | Noticed a phantom
  2377 | D:3      | Reached skill level 4 in Stealth
  2410 | D:3      | Killed a phantom
  2411 | D:3      | Reached XP level 6. HP: 19/35 MP: 4/10
  2880 | D:3      | Found a sparkling altar of Nemelex Xobeh.
  3170 | D:4      | Found Teoth's Assorted Antiques.
  3881 | D:4      | Found Mangyrr's Magic Scroll Shop.
  4253 | D:4      | Reached XP level 7. HP: 38/40 MP: 10/12
  4257 | D:4      | Learned a level 3 spell: Call Canine Familiar
  4328 | D:4      | Noticed a moth of wrath
  4331 | D:4      | Found a bloodstained altar of Trog.
  4393 | D:5      | Entered Level 5 of the Dungeon
  4891 | D:5      | Reached skill level 5 in Summonings
  5105 | D:5      | Reached skill level 5 in Stealth
  5771 | D:5      | Reached XP level 8. HP: 47/47 MP: 13/13
  6177 | D:6      | Found a glowing golden altar of the Shining One.
  6282 | D:6      | Found a runed translucent door.
  6282 | D:6      | Noticed a human
  6330 | D:6      | Reached skill level 5 in Dodging
  6393 | D:6      | Reached skill level 6 in Stealth
  6457 | D:6      | Found a sacrificial altar of Ru.
  6698 | D:6      | Killed from afar by an orc priest

Illustrated notes

Levels and vault maps discovered:
D:1:      dpeg_arrival_central, layout_loops_ring,
          shapermc_ecumenical_altar_acropolis
D:2:      layout_loops_ring
D:3:      layout_loops_ring, palyth_temple_overflow_mages,
          mainiacjoe_overflow_paths, nemelex_diamond_rough_becter
D:4:      layout_loops_ring, tgw_trog, lemuel_tele_altar, serial_shops,
          kennysheep_little_box, nicolae_stop_n_shop_1
D:5:      layout_basic, serial_co_window_serial, co_window_corner_a,
          co_window_paths_a, co_window_paths_b, co_window_cross_1,
          co_window_corner_a, co_window_corner_b, co_window_unsneaky_path_b,
          co_window_corner_b, co_window_broadway_b, co_window_unsneaky_path_c,
          chequers_mini_garden
D:6:      layout_rooms, mainiacjoe_overflow_brackets, dk_yredelemnul_ordeal,
          nicolae_tso_besieged_by_evil, kennysheep_mini

Skill      XL: |  1  2  3  4  5  6  7  8 |
---------------+-------------------------+-----
Stealth        | 3 4 5 6 |  6.3
Short Blades   | 1 2 3 4 |  4.9
Fighting       | 1 2 3 4 |  4.2
Dodging        | 3 4 5 |  5.4
Spellcasting   | 3 4 |  4.5
Summonings     | 5 |  5.7

Action                   |  1- 3 |  4- 6 |  7- 9 || total
-------------------------+-------+-------+-------++-------
Melee: Unarmed           |     9 |       |       ||     9
       Short sword       |     3 |       |       ||     3
       Dagger            |    34 |   137 |   126 ||   297
 Cast: Summon Small Mamm |    13 |       |       ||    13
       Call Imp          |     1 |    34 |    13 ||    48
       Call Canine Famil |       |       |    14 ||    14
  Use: Scroll            |       |       |     1 ||     1
 Stab: Sleeping          |    19 |    20 |    19 ||    58
Armor: Robe              |     6 |    11 |       ||    17
       Leather armour    |       |     9 |    28 ||    37
Dodge: Dodged            |    44 |    70 |    73 ||   187

Table legend: (Time is in decaauts)
 A = Elapsed time spent in this place.
 B = Non-inter-level travel time spent in this place.
 C = Inter-level travel time spent in this place.
 D = Time resting spent in this place.
 E = Time spent auto-exploring this place.
 F = Levels seen in this place.
 G = Mean time per level.
                   A        B        C        D        E       F      G
               +--------+--------+--------+--------+--------+-----+--------+
         Total |   6571 |   6403 |    168 |    458 |   4988 |   6 | 1095.2 |
       Dungeon |   6571 |   6403 |    168 |    458 |   4988 |   6 | 1095.2 |
               +--------+--------+--------+--------+--------+-----+--------+

Top non-repeatable levels by time:
     D:5: 1745 daAuts
     D:4: 1203 daAuts
     D:3: 1097 daAuts
     D:1: 1038 daAuts
     D:2: 982 daAuts
     D:6: 503 daAuts
